 Dungeon Crawl Stone Soup version 0.28.0-1-gb440e238dd (webtiles) character file.

Game seed: 15876316899716574234

31 issech the Cudgeller (level 3, -2/36 HPs)
             Began as a Troll Monk on Feb 27, 2022.
             Slain by an iguana (5 damage)
             ... on level 2 of the Dungeon.
             The game lasted 00:02:30 (765 turns).

issech the Cudgeller (Troll Monk)                    Turns: 765, Time: 00:02:31

Health: -2/36      AC:  4    Str: 19    XL:     3   Next: 7%
Magic:  2/2        EV: 10    Int:  6    God:
Gold:   28         SH:  0    Dex: 14    Spells: 2/2 levels left

rFire   . . .      SeeInvis .   a - +0 mace
rCold   . . .      Faith    .   (no shield)
rNeg    . . .      Spirit   .   b - +0 robe
rPois   .          Reflect  .   (helmet restricted)
rElec   .          Harm     .   (no cloak)
rCorr   .          Rampage  .   (gloves unavailable)
Will    .....                   (boots unavailable)
Stlth   ++........              (no amulet)
HPRegen 0.92/turn               (no ring)
MPRegen 0.08/turn               (no ring)

@: no status effects
A: large, unfitting armour, claws 3, regeneration 1, shaggy fur 1, tough skin 1
a: no special abilities


You were on level 2 of the Dungeon.
You visited 1 branch of the dungeon, and saw 2 of its levels.

You collected 28 gold pieces.

Inventory:

Hand Weapons
 a - a +0 mace (weapon)
Missiles
 c - 4 boomerangs (quivered)
 d - 35 stones
 e - 39 sling bullets
 g - 3 poisoned darts
Armour
 b - a +0 robe (worn)
Scrolls
 h - a scroll of fog {unknown}
 i - a scroll of identify {unknown}
Potions
 f - a potion of might {unknown}


   Skills:
 + Level 2.8 Fighting
 + Level 3.1 Maces & Flails
 + Level 2.7 Dodging
 + Level 1.1 Stealth


You had 2 spell levels left.
You didn't know any spells.
Your spell library was empty.

Dungeon Overview and Level Annotations

Branches:
Dungeon (2/15)

Altars:


Innate Abilities, Weirdness & Mutations

You are too large for most types of armour.
You have claws for hands.
Your natural rate of healing is unusually fast.
You are covered in fur. (AC +1)
You have tough skin. (AC +1)


Message History

You sock the ball python!
You kill the ball python!
You see here a ball python corpse.
A kobold comes into view. It is wielding a +0 whip.
You see here 10 gold pieces.
The kobold shouts!
You see here 10 gold pieces.
You now have 28 gold pieces (gained 10).
You hit the kobold.
You kill the kobold!
You see here a +0 whip.
You see here a +0 whip.
Found a ring mail.
You see here a +0 ring mail.
Found a ring mail.
An iguana comes into view.
The iguana hisses angrily.
The iguana bites you!
You barely miss the iguana. The iguana closely misses you.
You hit the iguana.
The iguana is lightly wounded.
The iguana bites you but does no damage.
You barely miss the iguana.
The iguana is lightly wounded.
The iguana closely misses you.
You closely miss the iguana.
The iguana is lightly wounded.
The iguana bites you but does no damage.
The iguana bites you!
You hit the iguana but do no damage.
The iguana is lightly wounded.
The iguana bites you!
You hit the iguana.
The iguana is moderately wounded.
The iguana bites you!
* * * LOW HITPOINT WARNING * * *
You hit the iguana.
The iguana is heavily wounded.
The iguana bites you.
You die...

##..# #...#
####...# #
......# .#
..
.....##.#...
##...[......
#...l.....∩.
#@# #.##.#
#.##.####
#.......#
#.##.##.#
#.##.## # .#
#.##..# ##.#
#.###.#.#...
#[###.#.#..#


You could see an iguana.

Vanquished Creatures
  4 ball pythons
  5 bats
  5 endoplasms (D:1)
  A giant cockroach (D:1)
  A hobgoblin (D:1)
  7 kobolds
  2 goblins (D:1)
  7 rats (D:1)
32 creatures vanquished.

Notes
Turn   | Place    | Note
-------+----------+-------------------------------------------
     0 | D:1      | issech the Troll Monk began the quest for the Orb.
     0 | D:1      | Reached XP level 1. HP: 22/22 MP: 0/0
   151 | D:1      | Reached XP level 2. HP: 29/29 MP: 1/1
   252 | D:1      | Reached skill level 3 in Maces & Flails
   682 | D:2      | Reached XP level 3. HP: 34/36 MP: 2/2
   765 | D:2      | Slain by an iguana

Illustrated notes

Levels and vault maps discovered:
D:1:      lightli_arrival_isolated_outpost, layout_loops_ring,
          grunt_decor_junction
D:2:      layout_loops_ring, basic_altar, hellmonk_ecumenical_altar_arch_garden,
          kennysheep_generic_room_8, uniq_crazy_yiuf_cottage

Skill      XL: |  1  2 |
---------------+-------+-----
Maces & Flails | 3 |  3.1
Fighting       | |  2.8
Dodging        | |  2.7
Stealth        | |  1.1

Action                   || total
-------------------------++-------
Melee: Mace              ||    87
 Stab: Sleeping          ||     5
Armor: Robe              ||    47
Dodge: Dodged            ||    57
